 Dungeon Crawl Stone Soup version 0.30-a0-953-g5f1da4a474 (webtiles) character file.

Game seed: 2451839864605665366

16578 Darius099 the Severer (level 12, -23/106 HPs)
             Began as a Minotaur Fighter on Mar 29, 2023.
             Was a High Priest of Okawaru.
             Annihilated by a very large slime creature (39 damage)
             ... on level 12 of the Dungeon.
             The game lasted 00:25:31 (10206 turns).

Darius099 the Severer (Minotaur Fighter)           Turns: 10206, Time: 00:25:32

Health: -23/106    AC: 26    Str: 35    XL:     12   Next: 11%
Magic:  15/15      EV:  9    Int:  5    God:    Okawaru [*****.]
Gold:   584        SH: 10    Dex: 12    Spells: 11/11 levels left

rFire   + . .      SeeInvis .    d - +0 broad axe
rCold   . . .      Faith    .    c - +0 buckler
rNeg    + . .      Spirit   .    b - +4 chain mail {Will+}
rPois   .          Reflect  +    v - +1 hat of Fallacy {Str+5}
rElec   .          Rampage  .    j - +0 cloak
rCorr   .                        L - +1 pair of gloves of Grand Brilliance {rF+ rN+ Stlth+}
Will    +....                    A - +0 pair of boots Stlth
                                 M - amulet of reflection
HPRegen 0.37/turn                r - +4 ring of protection
MPRegen 0.14/turn                E - +6 ring of strength

@: no status effects
A: horns 2, retaliatory headbutt
a: Renounce Religion, Heroism, Finesse, Duel


You were on level 12 of the Dungeon.
You worshipped Okawaru.
Okawaru was extremely pleased with you.
You visited 2 branches of the dungeon, and saw 13 of its levels.

You collected 928 gold pieces.
You spent 344 gold pieces at shops.

Inventory:

Hand Weapons
 d - a +0 broad axe (weapon)
 N - a +0 halberd of flaming
Missiles
 y - 4 throwing nets (quivered)
 I - 2 curare-tipped darts
 J - 15 poisoned darts
 O - 7 javelins
Armour
 b - a +4 chain mail of willpower (worn)
 c - a +0 buckler (worn)
 j - a +0 cloak (worn)
 v - the +1 hat of Fallacy (worn) {Str+5}
   (You found it on level 4 of the Dungeon)

   Str:       It affects your strength (+5).
 A - a +0 pair of boots (worn)
 L - the +1 pair of gloves of Grand Brilliance (worn) {rF+ rN+ Stlth+}
   (Okawaru gifted it to you on level 11 of the Dungeon)

   rF:        It protects you from fire.
   rN:        It protects you from negative energy.
   Stlth:     It makes you more stealthy.
Jewellery
 r - a +4 ring of protection (left hand)
 E - a +6 ring of strength (right hand)
 M - an amulet of reflection (around neck)
Wands
 o - a wand of paralysis (11)
 p - a wand of polymorph (8)
 x - a wand of flame (30)
Scrolls
 a - a scroll of fog {unknown}
 e - 2 scrolls of identify
 h - 5 scrolls of poison
 l - 3 scrolls of enchant armour
 m - a scroll of vulnerability
 n - a scroll of brand weapon {unknown}
 s - 2 scrolls of amnesia {unknown}
 u - a scroll of silence {unknown}
 C - a scroll of noise
 F - a scroll of magic mapping
 K - 2 scrolls of teleportation {unknown}
Potions
 f - 7 potions of curing
 g - 4 potions of brilliance
 i - 3 potions of magic
 k - 4 potions of heal wounds
 q - a potion of flight
 t - a potion of resistance
 w - 2 potions of invisibility {unknown}
 z - 3 potions of mutation
 B - a potion of might
 D - a potion of ambrosia
 G - a potion of berserk rage
 H - a potion of lignification


   Skills:
 + Level 10.1 Fighting
 + Level 16.3 Axes
 + Level 10.1 Armour
 + Level 7.1 Shields
 - Level 5.7 Invocations
 + Level 4.4 Evocations


You had 11 spell levels left.
You didn't know any spells.
Your spell library contained the following spells:

 Spells                   Type           Power      Damage    Failure   Level
 Apportation              Tloc           0%         N/A       91%         1
 Magic Dart               Conj           0%         1d3       91%         1
 Scorch                   Fire           0%         2d5       97%         2
 Static Discharge         Conj/Air       0%         2-2/arc   97%         2
 Mephitic Cloud           Conj/Pois/Air  0%         N/A       100%        3
 Portal Projectile        Hex/Tloc       0%         N/A       100%        3
 Vhi's Electric Charge    Tloc/Air       0%         N/A       100%        3
 Flame Wave               Conj/Fire      0%         2d4       100%        4
 Leda's Liquefaction      Hex/Erth       0%         N/A       100%        4
 Alistair's Intoxication  Tmut/Pois      0%         N/A       100%        5
 Arcjolt                  Conj/Air       0%         1d10      100%        5
 Plasma Beam              Fire/Air       0%         2x1d7     100%        5
 Call Imp                 Summ           Unusable   N/A       N/A         2
 Call Canine Familiar     Summ           Unusable   N/A       N/A         3
 Summon Cactus Giant      Summ           Unusable   N/A       N/A         6

Dungeon Overview and Level Annotations

Branches:
Dungeon (12/15)            Temple (1/1) D:6            Lair (0/5) D:8
    Orc (0/2) D:9

Altars:
Ashenzari
Cheibriados
Dithmenos
Elyvilon
Fedhas
Gozag
Hepliaklqana
Kikubaaqudgha
Makhleb
Nemelex Xobeh
Okawaru
Qazlal
Ru
Sif Muna
Trog
Uskayaw
Vehumet
Wu Jian
Xom
Yredelemnul
Zin
The Shining One
Lugonu

Shops:
D:3 [   D:4 [

Portals:
Abyss: D:8


Innate Abilities, Weirdness & Mutations

You have a pair of horns on your head.
You reflexively headbutt those who attack you in melee.


Message History

You slice the large slime creature!!
The large slime creature is heavily wounded.
Two slime creatures merge to form a very large slime creature.
You slice the very large slime creature!!
You headbutt the very large slime creature!
The very large slime creature is heavily wounded.
You hit the very large slime creature.
The very large slime creature is heavily wounded.
A very large slime creature splits.
Two slime creatures merge to form a very large slime creature.
You hit the slime creature.
The slime creature is heavily wounded.
You slice the very large slime creature!!
You barely miss the slime creature. You headbutt the slime creature!
The slime creature is almost dead.
You slice the very large slime creature!!
You block the slime creature's attack.
You completely miss the slime creature.
The slime creature is almost dead.
You hit the very large slime creature. The slime creature hits you.
You slash the slime creature!
You kill the slime creature!
Okawaru accepts your kill.
You hit the very large slime creature.
The very large slime creature hits you!!
You barely miss the very large slime creature.
The very large slime creature is severely wounded.
The very large slime creature hits you!!!
* * * LOW HITPOINT WARNING * * *
You are too injured to fight recklessly!
You are too injured to fight recklessly!
You are too injured to fight recklessly!
You feel much better.
The very large slime creature hits you!!
* * * LOW HITPOINT WARNING * * *
The very large slime creature attacks as you move away!
You block the very large slime creature's attack.
The very large slime creature attacks as you move away!
The very large slime creature hits you!!!
You die...

########### #.....?....
####..?.......
#.............
#.............
############.....^.......
.........................
................@J.......
...........#######.......
.......##### .......
.###'#+#. .......
.'....... .......
.#....... .......########
.#........
..............#
.#........
.#######...>..#
.#..######
#.#.....#......#


You could see a very large slime creature.

Vanquished Creatures
  Kirke (D:12)
  A two-headed ogre (D:10)
  Erica (D:10)
  A boulder beetle (D:11)
  Urug (D:12)
  The ghost of Vildravn the Covert, a novice KoBr of Makhleb (D:6)
  An ugly thing (D:12)
  2 manticores
  Maurice (D:8)
  A gargoyle (D:12)
  3 kobold demonologists (D:11)
  A komodo dragon (D:11)
  A hornet (D:9)
  4 trolls
  6 slime creatures (D:12)
  A wraith (D:10)
  A shadow (D:12)
  A wyvern (D:9)
  4 humans (D:12)
  14 yaks
  3 hogs (D:12)
  An acid dragon (D:8)
  A water moccasin (D:7)
  An ice beast (D:7)
  4 orc warriors
  4 black bears
  2 ogres
  3 wolves (D:8)
  9 centaurs
  3 kobold brigands
  2 bullfrogs
  A gnoll sergeant (D:11)
  A scorpion (D:5)
  8 wights
  9 killer bees
  4 howler monkeys (D:7)
  2 electric eels (D:8)
  2 centaur zombies (D:10)
  4 hounds
  3 jellies
  4 orc priests
  5 orc wizards
  5 sleepcaps
  2 iguanas
  7 gnolls
  12 adders
  A shadow imp (D:6)
  3 white imps
  2 ufetubi (D:6)
  3 dart slugs
  39 orcs
  9 ball pythons
  7 bats
  4 endoplasms
  2 giant cockroaches
  8 goblins
  6 hobgoblins
  3 jackals (D:3)
  17 kobolds
  6 quokkas
  2 frilled lizards (D:1)
  3 rats
  A lurking horror (D:8)
265 creatures vanquished.

Vanquished Creatures (others)
  A wizard (D:8)
  2 orcs (D:8)
  A lurking horror (D:8)
4 creatures vanquished.

Grand Total: 269 creatures vanquished

Notes
Turn   | Place    | Note
-------+----------+-------------------------------------------
     0 | D:1      | Darius099 the Minotaur Fighter began the quest for the Orb.
     0 | D:1      | Reached XP level 1. HP: 19/19 MP: 0/0
   131 | D:1      | Reached skill level 3 in Axes
   160 | D:1      | Reached XP level 2. HP: 26/26 MP: 1/1
   526 | D:1      | Reached skill level 4 in Axes
   753 | D:2      | Reached XP level 3. HP: 24/31 MP: 2/2
   904 | D:2      | Found a stormy altar of Qazlal.
   919 | D:2      | Reached skill level 5 in Axes
  1052 | D:2      | Reached XP level 4. HP: 39/39 MP: 3/3
  1519 | D:3      | Identified the +0 leather armour of the Spider Nest {Contam
                  | Slay+2 Stlth+}
  1752 | D:3      | Found a snail-covered altar of Cheibriados.
  1916 | D:3      | Reached skill level 6 in Axes
  1966 | D:3      | Found Biseot's Armour Boutique.
  2244 | D:4      | Reached XP level 5. HP: 41/45 MP: 2/4
  2284 | D:4      | Found Nefaoghi's Antique Armour Shop.
  2319 | D:4      | Reached skill level 7 in Axes
  2359 | D:4      | Noticed a black bear
  2371 | D:4      | Killed a black bear
  2372 | D:4      | Reached XP level 6. HP: 48/51 MP: 5/5
  2387 | D:4      | Found an opulent altar of Gozag.
  2416 | D:4      | Reached skill level 8 in Axes
  2770 | D:4      | Found a stormy altar of Qazlal.
  3002 | D:4      | Reached skill level 9 in Axes
  3015 | D:4      | Reached XP level 7. HP: 55/57 MP: 6/6
  3024 | D:4      | Identified the +1 hat of Fallacy {Str+5}
  3100 | D:4      | Found a hide-covered altar of Uskayaw.
  3127 | D:5      | Entered Level 5 of the Dungeon
  3211 | D:5      | Found an ancient bone altar of Kikubaaqudgha.
  3619 | D:5      | Reached skill level 10 in Axes
  3649 | D:5      | Identified the +6 short sword "Omicoan" {heavy, rCorr
                  | Dex+4}
  3890 | D:6      | Found a large runed translucent door.
  3890 | D:6      | Found a large runed translucent door.
  3899 | D:6      | Noticed Vildravn's ghost (novice KoBr)
  3923 | D:6      | Reached skill level 11 in Axes
  4144 | D:6      | Reached XP level 8. HP: 64/64 MP: 7/7
  4144 | D:6      | Found a staircase to the Ecumenical Temple.
  4226 | Temple   | Entered the Ecumenical Temple
  4422 | D:6      | Reached skill level 12 in Axes
  4785 | D:3      | Bought a +3 chain mail of willpower for 344 gold pieces
  4912 | D:6      | Killed Vildravn's ghost
  4913 | D:6      | Reached skill level 13 in Axes
  5173 | D:7      | Found a radiant altar of Vehumet.
  5199 | D:7      | Found an iron altar of Okawaru.
  5208 | D:7      | Became a worshipper of Warmaster Okawaru
  5266 | D:7      | Found a hazy altar of Hepliaklqana.
  5270 | D:7      | Found a sacrificial altar of Ru.
  5311 | D:7      | Reached skill level 14 in Axes
  5311 | D:7      | Reached XP level 9. HP: 67/70 MP: 8/8
  5519 | D:7      | Found a broken altar of Ashenzari.
  5581 | D:8      | Noticed Maurice
  5619 | D:8      | Killed Maurice
  5619 | D:8      | Reached * piety under Okawaru
  5620 | D:8      | Reached skill level 15 in Axes
  5679 | D:8      | Found a corrupted altar of Lugonu.
  5680 | D:8      | Found a one-way gate to the infinite horrors of the Abyss.
  5959 | D:8      | Found an ornate altar of the Wu Jian Council.
  5972 | D:8      | Found a staircase to the Lair.
  5996 | D:8      | Noticed a manticore
  6019 | D:8      | Killed a manticore
  6019 | D:8      | Reached ** piety under Okawaru
  6020 | D:8      | Reached skill level 16 in Axes
  6020 | D:8      | Reached skill level 1 in Invocations
  6357 | D:8      | Found a shimmering altar of Xom.
  6357 | D:8      | Found a white marble altar of Elyvilon.
  6496 | D:8      | Noticed a troll
  6503 | D:8      | Killed a troll
  6504 | D:8      | Reached skill level 5 in Fighting
  6504 | D:8      | Reached skill level 5 in Armour
  6504 | D:8      | Reached XP level 10. HP: 65/81 MP: 8/10
  6546 | D:8      | Found a bloodstained altar of Trog.
  6547 | D:8      | Noticed a wizard
  6552 | D:8      | Killed a wizard
  6644 | D:8      | Found a shimmering blue altar of Sif Muna.
  6911 | D:9      | Reached *** piety under Okawaru
  7173 | D:9      | Found a staircase to the Orcish Mines.
  7312 | D:9      | Paralysed by a hornet for 1 turns
  7314 | D:9      | Reached **** piety under Okawaru
  7690 | D:10     | Entered Level 10 of the Dungeon
  7913 | D:10     | Noticed Erica
  7913 | D:10     | Noticed a two-headed ogre
  7939 | D:10     | Killed Erica
  7940 | D:10     | Reached skill level 5 in Invocations
  7944 | D:10     | Killed a two-headed ogre
  8115 | D:10     | Reached XP level 11. HP: 94/94 MP: 14/14
  8567 | D:10     | Reached ***** piety under Okawaru
  8597 | D:10     | Found a basalt altar of Yredelemnul.
  8675 | D:10     | Reached skill level 1 in Evocations
  9012 | D:11     | Identified the +1 pair of gloves of Grand Brilliance {rF+
                  | rN+ Stlth+} (Okawaru gifted it to you on level 11 of the
                  | Dungeon)
  9012 | D:11     | Received a gift from Okawaru
  9087 | D:11     | Noticed a boulder beetle
  9110 | D:11     | Killed a boulder beetle
  9111 | D:11     | Reached skill level 5 in Shields
  9193 | D:11     | Noticed a sun demon
  9207 | D:11     | Noticed a sun demon
  9693 | D:11     | You fall into a shaft and drop 1 floor!
  9696 | D:12     | Noticed Kirke
  9719 | D:12     | Killed Kirke
  9787 | D:12     | Noticed Urug
  9798 | D:12     | Killed Urug
  9799 | D:12     | Reached XP level 12. HP: 66/106 MP: 7/15
  9985 | D:12     | Found a blossoming altar of Fedhas.
 10011 | D:12     | Reached skill level 10 in Armour
 10015 | D:12     | Reached skill level 10 in Fighting
 10206 | D:12     | Annihilated by a very large slime creature

Illustrated notes

Levels and vault maps discovered:
D:1:      dpeg_arrival_round_b, layout_loops_ring
D:2:      layout_loops_cross, basic_altar
D:3:      layout_basic, nicolae_overflow_crystal_walls, serial_shops,
          nicolae_shop_hallway_stairs, minmay_quadrilaterals
D:4:      layout_basic, nicolae_uskayaw_suspiria, mainiacjoe_overflow_paths,
          general_overflow_altar, serial_shops, shop, hellmonk_no_cap
D:5:      layout_loops_cross, nicolae_kikubaaqudgha_miasma_corner
D:6:      layout_basic, temple_pool_b, ebering_ghost_disaster_area,
          kennysheep_nondescript
D:7:      layout_cave_pools, mainiacjoe_overflow_surrounded_room,
          kennysheep_okawaru_gauntlet, mainiacjoe_overflow_catwalk,
          amethyst_overflow_temple_binary
D:8:      layout_cave_pods, led_sif_book, gammafunk_temple_overflow_statue,
          trog_wizard, nzn_wu_jian_council_hall, erik_lair_island,
          amcnicky_altar_lugonu_corruption, uniq_maurice
D:9:      layout_basic, orc_0_dummy
D:10:     layout_cave_pods, lemuel_zombie_altar_yredelemnul, uniq_erica
D:11:     layout_roguey
D:12:     layout_irregular_city, fedhas_altar_1, uniq_kirke, uniq_urug
Temple:   hellmonk_temple_rainy

Skill      XL: |  1  2  3  4  5  6  7  8  9 10 11 12 |
---------------+-------------------------------------+-----
Axes           | 3 4 5 6 7 9 11 14 16 | 16.3
Fighting       | 5 8 9 10 | 10.1
Armour         | 5 8 9 10 | 10.1
Invocations    | 2 5 |  5.7
Shields        | 6 7 |  7.1
Evocations     | 4 |  4.4

Action                     |  1- 3 |  4- 6 |  7- 9 | 10-12 || total
---------------------------+-------+-------+-------+-------++-------
  Melee: War axe           |    64 |   123 |   260 |   298 ||   745
         Headbutt          |     4 |    21 |    41 |    86 ||   152
         Broad axe         |       |       |       |    64 ||    64
 Invoke: Heroism           |       |       |       |     2 ||     2
         Finesse           |       |       |       |     2 ||     2
    Use: Scroll            |       |       |     7 |     9 ||    16
         Potion            |       |       |     1 |     2 ||     3
 Armour: Scale mail        |    29 |    65 |    54 |       ||   148
         Chain mail        |       |       |    74 |   181 ||   255
  Dodge: Dodged            |    36 |    57 |    96 |   112 ||   301
  Block: Buckler           |    15 |    25 |    40 |   107 ||   187
         Reflection        |       |       |       |     5 ||     5

Table legend: (Time is in decaauts)
 A = Elapsed time spent in this place.
 B = Non-inter-level travel time spent in this place.
 C = Inter-level travel time spent in this place.
 D = Time resting spent in this place.
 E = Time spent auto-exploring this place.
 F = Levels seen in this place.
 G = Mean time per level.
                   A        B        C        D        E       F      G
               +--------+--------+--------+--------+--------+-----+--------+
         Total |  10140 |   9641 |    499 |    984 |   6174 |  13 |  780.0 |
       Dungeon |  10098 |   9599 |    499 |    984 |   6164 |  12 |  841.5 |
        Temple |     41 |     41 |      0 |      0 |     10 |   1 |   41.0 |
               +--------+--------+--------+--------+--------+-----+--------+

Top non-repeatable levels by time:
     D:8: 1267 daAuts
     D:6: 1043 daAuts
    D:10: 993 daAuts
     D:4: 935 daAuts
     D:3: 922 daAuts
     D:9: 899 daAuts
    D:11: 850 daAuts
     D:5: 764 daAuts
     D:1: 757 daAuts
     D:2: 617 daAuts
     D:7: 553 daAuts
    D:12: 491 daAuts
  Temple: 41 daAuts
